 Dungeon Crawl Stone Soup version 0.30-a0-726-gd89dcf765f (webtiles) character file.

Game seed: 6612774103793154648

150 scionoferis the Vexing (level 4, -1/36 HPs)
             Began as a Demigod Hexslinger on Jan 29, 2023.
             Slain by an iguana (13 damage)
             ... on level 3 of the Dungeon.
             The game lasted 00:05:40 (1967 turns).

scionoferis the Vexing (Demigod Hexslinger)         Turns: 1967, Time: 00:05:40

Health: -1/36      AC:  2    Str: 11    XL:     4   Next: 84%
Magic:  8/8        EV: 13    Int: 15    God:
Gold:   122        SH:  0    Dex: 18    Spells: 4/5 levels left

rFire   . . .      SeeInvis +    a - +1 dagger (venom)
rCold   . . .      Faith    .    (no shield)
rNeg    . . .      Spirit   .    c - +0 robe
rPois   .          Reflect  .    (no helmet)
rElec   .          Harm     .    (no cloak)
rCorr   .          Rampage  .    (no gloves)
Will    .....                    (no boots)
Stlth   ++                       (no amulet)
HPRegen 0.26/turn                i - ring of see invisible
MPRegen 0.11/turn                (no ring)

@: mighty
A: high MP 1, forlorn, divine attributes
a: no special abilities


You were on level 3 of the Dungeon.
You visited 1 branch of the dungeon, and saw 3 of its levels.

You collected 122 gold pieces.


Innate Abilities, Weirdness & Mutations

You have an increased reservoir of magic. (+10% MP)
You shall have no god before yourself.
Your divine heritage dramatically boosts your attributes as you level up.


   Skills:
 + Level 2.0 Fighting
 * Level 2.2 Short Blades
 + Level 2.6 Ranged Weapons
 + Level 2.4 Dodging
 + Level 1.5 Stealth
 - Level 1.0 Spellcasting
 - Level 2.6 Hexes


You had 4 spell levels left.
You knew the following spells:

 Your Spells              Type           Power      Damage    Failure   Level
a - Slow                  Hex            32%        N/A       9%          1

Your spell library contained the following spells:

 Spells                   Type           Power      Damage    Failure   Level
 Ensorcelled Hibernation  Hex/Ice        8%         N/A       22%         2
 Inner Flame              Hex/Fire       4%         N/A       38%         3
 Portal Projectile        Hex/Tloc       8%         N/A       38%         3
 Call Canine Familiar     Summ           0%         N/A       58%         3
 Hailstorm                Conj/Ice       0%         3d3       58%         3
 Spider Form              Tmut/Pois      0%         N/A       58%         3
 Cause Fear               Hex            4%         N/A       63%         4
 Anguish                  Hex/Necr       2%         N/A       80%         4
 Leda's Liquefaction      Hex/Erth       2%         N/A       80%         4
 Ice Form                 Ice/Tmut       0%         N/A       94%         4
 Simulacrum               Ice/Necr       0%         N/A       100%        6

Inventory:

Hand Weapons
 a - a +1 dagger of venom (weapon)
   (You took it off a goblin on level 1 of the Dungeon)
 b - a +1 sling
 j - a +0 short sword of venom
   (You took it off a kobold on level 1 of the Dungeon)
Missiles
 p - 2 boomerangs
Armour
 c - a +0 robe (worn)
Jewellery
 i - a ring of see invisible (left hand)
   (You found it on level 1 of the Dungeon)
Scrolls
 d - 2 scrolls of teleportation {unknown}
 e - a scroll of poison
 g - 3 scrolls of identify {unknown}
 m - a scroll of vulnerability {unknown}
 n - a scroll of noise {unknown}
 o - 2 scrolls of enchant weapon {unknown}
 q - a scroll of magic mapping {unknown}
 s - a scroll of blinking {unknown}
 t - a scroll of fear {unknown}
 u - a scroll of torment {unknown}
Potions
 f - a potion of mutation {unknown}
 h - a potion of might
 k - a potion of invisibility {unknown}
 l - a potion of haste {unknown}
 r - a potion of lignification {unknown}
 v - a potion of heal wounds {unknown}

Dungeon Overview and Level Annotations

Branches:
Dungeon (3/15)

Shops:
D:1

= #.#.##.........# #.# #.#
##.#.##.......#.# #.# #.#
###.....#.......#.# #.# #.#
..).#...........#.# #.# #.#
###.....####.####.# #.# #.#
##.#.## #.# #.# #.# #.# #.#.#
#.# #.#######.# #.#
#.#.#####.####.........#####.#
.............@l...............
....#####.######.......#####.#
#.### #.. ... ...# ###.# #.##
$ ###### .##.# #.# ......
.##.# #.# ###### .##.# #.#
.##.# #.# >##)########.#
############


You could see an iguana.


Message History

Welcome, scionoferis the Demigod Hexslinger.
It is said that the Orb of Zot exists deep within this dungeon.
Press ? for a list of commands and other information.
Found a staircase leading out of the dungeon.
Found a robe.
A ball python comes into view.
Found 10 gold pieces.
You shoot a sling bullet. The sling bullet hits the ball python!
You kill the ball python!
No target in view!
No target in view!
You see here a ball python corpse.
You now have 10 gold pieces.
Found Sast's Jewellery Shop.
There is an entrance to Sast's Jewellery Shop here.
A ball python comes into view.
The ball python hisses angrily.
You hear an angry hiss.
You shoot a sling bullet.
The sling bullet closely misses the ball python.
You shoot a sling bullet.
The sling bullet closely misses the ball python.
A frilled lizard comes into view.
The ball python misses you. x2
You shoot a sling bullet. The sling bullet hits the ball python.
The ball python is severely wounded.
The ball python closely misses you. x2; The ball python misses you.
The ball python closely misses you.
You shoot a sling bullet. The sling bullet hits the ball python.
You kill the ball python!
You shoot a sling bullet.
The sling bullet misses the frilled lizard.
The frilled lizard bites you.
You shoot a sling bullet.
The sling bullet hits the frilled lizard.
You kill the frilled lizard!
Your Fighting skill increases to level 1!
No target in view!
HP restored.
d - a scroll labelled TUHYMA NIXKIF A goblin comes into view.
It is wielding a +1 dagger of venom.
Found a hand axe.
You shoot a sling bullet. The sling bullet hits the goblin.
You kill the goblin!
No target in view!
No target in view!
No target in view!
A kobold comes into view. It is wielding a +0 whip.
The kobold shouts!
You shoot a sling bullet.
The sling bullet closely misses the kobold.
You shoot a sling bullet.
The sling bullet closely misses the kobold.
You shoot a sling bullet.
The sling bullet barely misses the kobold.
The kobold hits you but does no damage.
You shoot a sling bullet.
The sling bullet barely misses the kobold.
The kobold hits you with a +0 whip.
You shoot a sling bullet. The sling bullet hits the kobold.
You kill the kobold!
Your Ranged Weapons skill increases to level 2!
No target in view!
You see here a +0 whip.
A bat comes into view.
The bat moves out of view.
You see here a +1 dagger of venom.
e - a +1 dagger of venom Adjust to which letter? (? for menu, Esc to quit)
a - a +1 dagger of venom;
e - a +1 sling (weapon)
Adjust to which letter? (? for menu, Esc to quit)
b - a +1 sling (weapon);
e - a scroll of poison You now have 19 gold pieces (gained 9).
A frilled lizard comes into view.
The frilled lizard hisses angrily.
You shoot a sling bullet.
The sling bullet hits the frilled lizard!
You kill the frilled lizard!
No target in view!
No target in view!
You see here a +0 hand axe.
d - 2 scrolls labelled TUHYMA NIXKIF (gained 1)
A quokka comes into view.
You shoot a sling bullet.
The sling bullet hits the quokka but does no damage.
You hear a shout!
A hobgoblin comes into view.
You hear an angry hiss.
You shoot a sling bullet.
The sling bullet closely misses the bat.
You hear a shout!
The bat misses you.
A goblin comes into view. It is wielding a +0 club.
The goblin shouts!
You shoot a sling bullet. The sling bullet hits the bat.
The bat is severely wounded.
The bat hits you. x2
A frilled lizard comes into view.
You shoot a sling bullet. The sling bullet barely misses the bat.
You hear an angry hiss.
The bat hits you but does no damage.
A hobgoblin comes into view.
A ball python comes into view.
You shoot a sling bullet.
The sling bullet closely misses the hobgoblin.
The sling bullet hits the quokka.
The quokka is heavily wounded.
The hobgoblin barely misses you. The hobgoblin attacks as you move away!
The hobgoblin misses you.
Your +1 dagger of venom begins to drip with poison!
a - a +1 dagger of venom (weapon)
The hobgoblin hits you.
You hit the hobgoblin.
The hobgoblin is poisoned.
The hobgoblin is heavily wounded.
The hobgoblin misses you.
You hit the hobgoblin but do no damage.
The hobgoblin looks as sick as possible!
The hobgoblin is heavily wounded.
You kill the hobgoblin!
The bat hits you.
You hit the bat.
The bat is severely wounded.
The bat barely misses you.
You hit the bat.
You kill the bat!
You hit the quokka.
The quokka is poisoned.
The quokka is severely wounded.
The quokka barely misses you. The quokka completely misses you.
You barely miss the quokka.
The quokka is severely wounded.
The quokka bites you.
You barely miss the quokka.
The quokka is severely wounded.
You kill the quokka!
You barely miss the hobgoblin. The hobgoblin barely misses you.
You hit the hobgoblin.
The hobgoblin is moderately wounded.
The hobgoblin hits you.
You closely miss the hobgoblin.
The hobgoblin is moderately wounded.
The hobgoblin closely misses you.
You hit the hobgoblin.
The hobgoblin is poisoned.
The hobgoblin is heavily wounded.
The hobgoblin barely misses you.
You hit the hobgoblin.
You kill the hobgoblin!
You have reached level 2!
You aren't carrying any potions.
Unknown command.
You completely miss the goblin. The goblin barely misses you.
You hit the goblin but do no damage.
The goblin is poisoned.
The goblin hits you with a +0 club.
You hit the goblin.
You kill the goblin!
The frilled lizard unfolds its giant frill.
Aiming: Slow (safe; 9% risk of failure)
Press: ? - help, Q - select action Shift-Dir - straight line, f - frilled lizard
Aim: a frilled lizard (chance to affect: 59%)
The frilled lizard seems to slow down.
You barely miss the frilled lizard. The frilled lizard closely misses you.
You barely miss the frilled lizard. The frilled lizard bites you.
You hit the frilled lizard.
You kill the frilled lizard!
You hit the ball python.
You kill the ball python!
You see here a ball python corpse.
Your +1 dagger of venom stops dripping with poison.
b - a +1 sling (weapon)
Magic restored.
f - a grey potion A kobold comes into view.
It is wielding a +0 club.
You shoot a sling bullet. The kobold shouts!
The sling bullet hits the kobold.
You kill the kobold!
Your Dodging skill increases to level 2!
No target in view!
No target in view!
Found a stone staircase leading down.
A dart slug comes into view.
You shoot a sling bullet. The sling bullet hits the dart slug.
The dart slug is moderately wounded.
The dart slug launches a dart at you. The slug dart hits you.
You shoot a sling bullet. The sling bullet hits the dart slug!
The dart slug is almost dead.
You shoot a sling bullet. The sling bullet hits the dart slug.
You kill the dart slug!
No target in view!
No target in view!
You see here a dart slug corpse.
A bat comes into view.
A bat is nearby!
You shoot a sling bullet. The sling bullet misses the bat.
The bat barely misses you.
You shoot a sling bullet.
The sling bullet closely misses the bat.
The bat closely misses you.
A giant cockroach comes into view.
You shoot a sling bullet. The sling bullet hits the bat!
You kill the bat!
You shoot a sling bullet.
The sling bullet hits the giant cockroach.
The giant cockroach is moderately wounded.
The giant cockroach closely misses you.
The giant cockroach completely misses you.
You shoot a sling bullet.
The sling bullet hits the giant cockroach.
You kill the giant cockroach!
No target in view!
No target in view!
You see here a giant cockroach corpse.
A goblin comes into view. It is wielding a +0 dagger.
Found a scroll labelled KEWALARH XAPNA.
You shoot a sling bullet.
The sling bullet barely misses the goblin.
You shoot a sling bullet.
The sling bullet closely misses the goblin.
You shoot a sling bullet.
The sling bullet closely misses the goblin.
You shoot a sling bullet.
The sling bullet barely misses the goblin.
You shoot a sling bullet.
The sling bullet closely misses the goblin.
The goblin closely misses you.
You shoot a sling bullet. The sling bullet hits the goblin!
You kill the goblin!
A bat comes into view.
The bat moves out of view.
You see here a scroll labelled KEWALARH XAPNA.
A bat is nearby!
You shoot a sling bullet. The sling bullet barely misses the bat.
The bat barely misses you. The bat closely misses you.
You shoot a sling bullet.
The sling bullet hits the bat but does no damage.
The bat barely misses you. The bat hits you but does no damage.
You shoot a sling bullet.
The sling bullet closely misses the bat.
The bat closely misses you.
You shoot a sling bullet. The sling bullet hits the bat.
You kill the bat!
No target in view!
g - a scroll labelled KEWALARH XAPNA A goblin comes into view.
It is wielding a +0 dagger.
You shoot a sling bullet. The sling bullet hits the goblin!
You kill the goblin!
No target in view!
No target in view!
A ball python comes into view.
You shoot a sling bullet. The ball python hisses angrily.
The sling bullet hits the ball python.
You kill the ball python!
No target in view!
No target in view!
A dart slug comes into view.
You see here a ball python corpse.
You shoot a sling bullet. The sling bullet hits the dart slug.
The dart slug is heavily wounded.
You hear a shout!
The dart slug launches a dart at you. The slug dart hits you.
You shoot a sling bullet. The sling bullet hits the dart slug.
The dart slug is almost dead.
The dart slug launches a dart at you. The slug dart hits you.
You shoot a sling bullet. The sling bullet hits the dart slug.
You kill the dart slug!
A kobold comes into view. It is wielding a +0 dagger.
You shoot a sling bullet.
The sling bullet barely misses the kobold.
You shoot a sling bullet.
The sling bullet barely misses the kobold.
An endoplasm comes into view.
The kobold closely misses you.
You shoot a sling bullet. The sling bullet hits the kobold.
You kill the kobold!
You shoot a sling bullet. The sling bullet hits the endoplasm.
The endoplasm is moderately wounded.
You shoot a sling bullet.
The sling bullet hits the endoplasm but does no damage.
The endoplasm is moderately wounded.
The endoplasm freezes you.
You are frozen.
The endoplasm barely misses you.
You shoot a sling bullet. The sling bullet hits the endoplasm.
The endoplasm is heavily wounded.
The endoplasm hits you.
A goblin comes into view. It is wielding a +0 dagger.
You shoot a sling bullet. The goblin shouts!
The sling bullet hits the endoplasm.
You kill the endoplasm!
Your Short Blades skill increases to level 1!
Your +1 dagger of venom begins to drip with poison!
a - a +1 dagger of venom (weapon)
You completely miss the goblin. The goblin barely misses you.
You closely miss the goblin. The goblin hits you but does no damage.
You hit the goblin.
You kill the goblin!
No target in view!
Your +1 dagger of venom stops dripping with poison.
b - a +1 sling (weapon)
h - 2 red potions
Things that are here:
a +0 dagger; a goblin corpse
i - a ring of see invisible
i - a ring of see invisible (left hand)
A kobold comes into view.
It is wielding a +0 short sword of venom.
You shoot a sling bullet.
The sling bullet closely misses the kobold.
The kobold shouts!
You shoot a sling bullet. The sling bullet hits the kobold.
You kill the kobold!
You now have 26 gold pieces (gained 7).
Things that are here:
a +0 short sword of venom; a kobold corpse Unknown command.
j - a +0 short sword of venom You see here a +0 club.
A rat and a ball python come into view.
Your +1 dagger of venom begins to drip with poison!
a - a +1 dagger of venom (weapon)
The ball python hisses angrily.
The rat bites you.
You hit the rat.
You kill the rat!
Your +1 dagger of venom stops dripping with poison.
b - a +1 sling (weapon)
You shoot a sling bullet.
The sling bullet closely misses the ball python.
No target in view!
You shoot a sling bullet. The sling bullet hits the ball python.
You kill the ball python!
You have reached level 3!
Your experience leads to a dramatic increase in your attributes!
Increase (S)trength, (I)ntelligence, or (D)exterity?
You feel agile. x4
You see here a rat corpse.
Found a faded altar of an unknown god.
A frilled lizard comes into view.
A frilled lizard is nearby!
You shoot a sling bullet.
The sling bullet hits the frilled lizard!
You kill the frilled lizard!
No target in view!
No target in view!
You see here a +0 dagger.
Things that are here:
a +0 dagger; 3 stones; a kobold corpse
Found a stone staircase leading down.
There is a stone staircase leading down here.
There is a stone staircase leading down here.
You see here a dart slug corpse.
Things that are here:
a +0 dagger; 3 stones; a kobold corpse You see here a ball python corpse.
There is a stone staircase leading down here.
You see here a +0 whip.
You see here a +0 hand axe.
Found a stone staircase leading down.
Done exploring.
There is a stone staircase leading down here.
You climb downwards.
There is a stone staircase leading up here.
Unknown command.
Found a robe.
Found a hand axe.
Found a ring mail.
You open the door.
There is an open door here.
An endoplasm comes into view.
You shoot a sling bullet. The sling bullet hits the endoplasm!
You kill the endoplasm!
No target in view!
No target in view!
A dart slug comes into view.
You shoot a sling bullet. The sling bullet hits the dart slug.
The dart slug is lightly wounded.
The dart slug launches a dart at you. The slug dart hits you.
You shoot a sling bullet. The sling bullet hits the dart slug.
The dart slug is heavily wounded.
You shoot a sling bullet. The sling bullet hits the dart slug.
The dart slug is severely wounded.
The dart slug launches a dart at you. The slug dart misses you.
You shoot a sling bullet. The sling bullet hits the dart slug.
You kill the dart slug!
No target in view!
No target in view!
HP restored.
Found an escape hatch in the floor.
Found a ring mail.
No target in view!
You now have 43 gold pieces (gained 17).
You now have 54 gold pieces (gained 11).
k - a silvery potion A bat comes into view.
Found a hand axe.
The bat moves out of view.
A bat comes into view.
You shoot a sling bullet. The sling bullet hits the bat.
You kill the bat!
You shoot a sling bullet. The sling bullet hits the bat.
You kill the bat!
No target in view!
No target in view!
Found a whip.
Found an escape hatch in the ceiling.
A ball python comes into view.
You shoot a sling bullet. The sling bullet hits the ball python!
You kill the ball python!
No target in view!
No target in view!
Found a stone staircase leading up.
Found a stone staircase leading down.
An adder comes into view.
You shoot a sling bullet.
The sling bullet hits the adder but does no damage.
The adder hisses angrily.
You shoot a sling bullet.
The sling bullet barely misses the adder.
You shoot a sling bullet. The sling bullet hits the adder.
The adder is lightly wounded.
Your +1 dagger of venom begins to drip with poison!
a - a +1 dagger of venom (weapon)
You barely miss the adder.
The adder is lightly wounded.
The adder bites you but does no damage. The adder barely misses you.
You barely miss the adder.
The adder is lightly wounded.
The adder bites you but does no damage.
You hit the adder. You punch the adder.
The adder is heavily wounded.
The adder bites you.
You closely miss the adder.
The adder is heavily wounded.
The adder bites you.
You closely miss the adder.
The adder is heavily wounded.
The adder bites you. x2
You are poisoned.
The adder poisons you!
You hit the adder.
The adder is poisoned.
The adder is severely wounded.
You feel sick. The adder misses you.
You closely miss the adder.
The adder is severely wounded.
You feel sick. The adder barely misses you.
You closely miss the adder.
The adder is severely wounded.
You feel sick. The adder bites you but does no damage.
You hit the adder.
The adder is almost dead.
You feel sick.
You kill the adder!
No target in view!
Your +1 dagger of venom stops dripping with poison.
b - a +1 sling (weapon)
You feel sick.
You feel sick.
You are no longer poisoned.
You see here an adder corpse.
An adder comes into view.
You shoot a sling bullet. The sling bullet hits the adder!
The adder hisses angrily.
The adder is almost dead.
You shoot a sling bullet. The sling bullet hits the adder.
You kill the adder!
Your Stealth skill increases to level 1!
You see here an adder corpse.
Found a stone staircase leading down.
There is a stone staircase leading down here.
You open the door.
There is an open door here.
A giant cockroach comes into view.
You shoot a sling bullet.
The sling bullet hits the giant cockroach.
The giant cockroach is heavily wounded.
Your +1 dagger of venom begins to drip with poison!
a - a +1 dagger of venom (weapon)
The giant cockroach barely misses you.
You hit the giant cockroach.
The giant cockroach is poisoned.
The giant cockroach is severely wounded.
You kill the giant cockroach!
No target in view!
Your +1 dagger of venom stops dripping with poison.
b - a +1 sling (weapon)
You open the door.
There is an open door here.
You open the door.
There is an open door here.
You open the door.
There is an open door here.
An adder comes into view.
You shoot a sling bullet. The sling bullet hits the adder.
The adder hisses angrily.
The adder is severely wounded.
You shoot a sling bullet. The sling bullet hits the adder.
You kill the adder!
You see here an adder corpse.
You now have 68 gold pieces (gained 14).
A hobgoblin comes into view.
Found a stone staircase leading down.
You shoot a sling bullet. The sling bullet hits the hobgoblin.
You kill the hobgoblin!
You see here a hobgoblin corpse.
You open the door.
There is an open door here.
You open the door.
An endoplasm comes into view.
You shoot a sling bullet.
The sling bullet hits the endoplasm but does no damage.
The endoplasm quivers.
An endoplasm is nearby!
You shoot a sling bullet. The sling bullet hits the endoplasm.
The endoplasm is severely wounded.
The endoplasm barely misses you. The endoplasm hits you.
You shoot a sling bullet. The sling bullet hits the endoplasm!
You kill the endoplasm!
There is an open door here.
A quokka comes into view.
You shoot a sling bullet. The sling bullet hits the quokka!
You kill the quokka!
No target in view!
An endoplasm comes into view.
You see here 10 gold pieces.
You shoot a sling bullet. The sling bullet hits the endoplasm.
The endoplasm quivers.
The endoplasm is moderately wounded.
You shoot a sling bullet. The sling bullet hits the endoplasm.
You kill the endoplasm!
You now have 78 gold pieces (gained 10).
You open the large door. As you open the door, it creaks loudly!
There is an open door here.
As you open the door, it creaks loudly!
There is an open door here.
You open the door.
There is an open door here.
Found a stone staircase leading up.
Found a short sword.
A ball python comes into view.
Found 2 gold pieces.
You shoot a sling bullet. The sling bullet hits the ball python!
You kill the ball python!
You now have 80 gold pieces (gained 2).
You see here a ball python corpse.
A ball python comes into view.
Found a leather armour.
You shoot a sling bullet. The ball python hisses angrily.
The sling bullet hits the ball python.
The ball python is severely wounded.
You shoot a sling bullet. The sling bullet hits the ball python.
You kill the ball python!
A rat comes into view.
A rat is nearby!
You shoot a sling bullet.
The sling bullet hits the rat but does no damage.
You shoot a sling bullet.
The sling bullet closely misses the rat.
Your +1 dagger of venom begins to drip with poison!
a - a +1 dagger of venom (weapon)
The rat bites you.
You closely miss the rat. The rat bites you but does no damage.
You hit the rat.
You kill the rat!
No target in view!
Your +1 dagger of venom stops dripping with poison.
b - a +1 sling (weapon)
You see here a rat corpse.
A giant cockroach comes into view.
You shoot a sling bullet.
The sling bullet hits the giant cockroach but does no damage.
You shoot a sling bullet.
The sling bullet hits the giant cockroach!
You kill the giant cockroach!
No target in view!
Found a ring mail.
You pick up a book of Dreams and begin reading...
You add the spells Ensorcelled Hibernation, Spider Form and Anguish to your library.
Okay, then.
Unknown command.
You see here a +0 ring mail.
l - a dark potion You open the door.
There is an open door here.
You open the door.
There is an open door here.
There is an open door here.
There is an open door here.
You open the door.
There is an open door here.
You see here a +0 hand axe.
There is an open door here.
There is an open door here.
There is an open door here.
A quokka comes into view.
You shoot a sling bullet. The sling bullet hits the quokka!
You kill the quokka!
No target in view!
You open the door.
There is an open door here.
m - a scroll labelled FUAPHE MITENUA Done exploring.
There is a stone staircase leading down here.
You climb downwards.
Found a scroll labelled YNLEYQ WIKHETAI.
There is a stone staircase leading up here.
You shoot a sling bullet.
The sling bullet hits the giant cockroach.
You kill the giant cockroach!
You have reached level 4!
Search for what [? for help]? d:
n - a scroll labelled YNLEYQ WIKHETAI You now have 88 gold pieces (gained 8).
Found a stone staircase leading up.
There is a stone staircase leading up here.
o - a scroll labelled ORPHATWO ASHRI You now have 95 gold pieces (gained 7).
Found 2 boomerangs.
g - 2 scrolls labelled KEWALARH XAPNA (gained 1)
Found 6 stones.
You see here 2 boomerangs.
p - 2 boomerangs A quokka comes into view.
You shoot a sling bullet.
The sling bullet hits the quokka but does no damage.
You shoot a sling bullet.
The sling bullet barely misses the quokka.
You shoot a sling bullet. The sling bullet hits the quokka.
The quokka is heavily wounded.
You shoot a sling bullet.
The sling bullet barely misses the quokka.
The quokka barely misses you.
Your +1 dagger of venom begins to drip with poison!
a - a +1 dagger of venom (weapon)
You barely miss the quokka.
The quokka is heavily wounded.
The quokka closely misses you.
You closely miss the quokka.
The quokka is heavily wounded.
The quokka misses you. The quokka barely misses you.
You hit the quokka but do no damage.
The quokka is heavily wounded.
The quokka closely misses you.
You hit the quokka.
The quokka is poisoned.
The quokka is severely wounded.
The quokka closely misses you.
You barely miss the quokka.
The quokka is severely wounded.
The quokka closely misses you.
You hit the quokka.
You kill the quokka!
Your +1 dagger of venom stops dripping with poison.
b - a +1 sling (weapon)
Found a stone staircase leading up.
A frilled lizard comes into view.
Your +1 dagger of venom begins to drip with poison!
a - a +1 dagger of venom (weapon)
You barely miss the frilled lizard. The frilled lizard barely misses you.
You miss the frilled lizard.
The frilled lizard bites you but does no damage.
You barely miss the frilled lizard. The frilled lizard closely misses you.
You hit the frilled lizard.
You kill the frilled lizard!
No target in view!
Your +1 dagger of venom stops dripping with poison.
b - a +1 sling (weapon)
q - a scroll labelled PAILIY ZONGIREXE A giant cockroach comes into view.
You shoot a sling bullet.
The sling bullet hits the giant cockroach.
The giant cockroach is almost dead.
The giant cockroach bites you but does no damage.
Your +1 dagger of venom begins to drip with poison!
a - a +1 dagger of venom (weapon)
The giant cockroach misses you.
You hit the giant cockroach but do no damage.
The giant cockroach is poisoned.
The giant cockroach is almost dead.
You kill the giant cockroach!
Your +1 dagger of venom stops dripping with poison.
b - a +1 sling (weapon)
A hobgoblin comes into view.
You shoot a sling bullet. The hobgoblin shouts!
The sling bullet hits the hobgoblin.
The hobgoblin is heavily wounded.
A bat comes into view.
The bat moves out of view.
You shoot a sling bullet. The sling bullet hits the hobgoblin.
You kill the hobgoblin!
You shoot a sling bullet. The sling bullet hits the bat!
You kill the bat!
No target in view!
You now have 110 gold pieces (gained 15).
You see here a hobgoblin corpse.
You pick up a book of the Tundra and begin reading...
You add the spells Hailstorm, Ice Form and Simulacrum to your library.
o - 2 scrolls labelled ORPHATWO ASHRI (gained 1)
r - a lumpy yellow potion A ball python comes into view.
You shoot a sling bullet. The sling bullet hits the ball python.
The ball python is moderately wounded.
You shoot a sling bullet. The sling bullet hits the ball python.
You kill the ball python!
A bat comes into view.
The bat closely misses you.
A bat is nearby!
You shoot a sling bullet. The sling bullet hits the bat.
The bat is severely wounded.
The bat barely misses you. The bat closely misses you.
The bat hits you but does no damage.
You shoot a sling bullet. The sling bullet barely misses the bat.
The bat closely misses you.
You shoot a sling bullet. The sling bullet hits the bat.
You kill the bat!
You see here a bat corpse. 2 orcs come into view.
Found a stone staircase leading down.
The orc shouts!
An orc comes into view. It is wielding a +0 hand axe.
An orc priest comes into view. It is wielding a +0 war axe.
An adder comes into view.
You see here a bat corpse.
You shoot a sling bullet. The orc shouts!
The sling bullet hits the orc!
You kill the orc!
You shoot a sling bullet. The sling bullet barely misses the orc.
You shoot a sling bullet.
The sling bullet hits the orc but does no damage.
The orc barely misses you.
Your +1 dagger of venom begins to drip with poison!
a - a +1 dagger of venom (weapon)
You hit the orc.
The orc is severely wounded.
The orc barely misses you.
You hit the orc but do no damage.
The orc is poisoned.
The orc is severely wounded.
The orc barely misses you.
You barely miss the orc.
The orc is severely wounded.
The orc hits you with a +0 mace.
You closely miss the orc.
The orc is severely wounded.
You kill the orc!
You barely miss the orc priest.
The orc priest hits you with a +0 war axe!
You barely miss the orc priest.
The orc priest hits you with a +0 war axe!
You barely miss the orc priest.
The orc priest hits you but does no damage.
You hit the orc priest but do no damage.
The orc priest is poisoned.
You hit the orc priest.
The orc priest looks as sick as possible!
The orc priest is moderately wounded.
The orc priest hits you with a +0 war axe.
You hit the orc priest.
The orc priest looks as sick as possible!
The orc priest is almost dead.
You kill the orc priest!
Your Short Blades skill increases to level 2!
There is a stone staircase leading up here.
You climb upwards.
There is a stone staircase leading down here.
Your +1 dagger of venom stops dripping with poison.
b - a +1 sling (weapon)
You start resting.
HP restored.
You climb downwards.
There is a stone staircase leading up here.
A quokka comes into view.
You shoot a sling bullet.
The sling bullet barely misses the quokka.
The quokka closely misses you.
Your +1 dagger of venom begins to drip with poison!
a - a +1 dagger of venom (weapon)
You closely miss the quokka.
The quokka bites you but does no damage.
You miss the quokka. The quokka barely misses you.
You hit the quokka.
The quokka is poisoned.
The quokka is lightly wounded.
The quokka barely misses you.
You barely miss the quokka.
The quokka is moderately wounded.
The quokka misses you.
You hit the quokka.
You kill the quokka!
Your Fighting skill increases to level 2!
No target in view!
Your +1 dagger of venom stops dripping with poison.
b - a +1 sling (weapon)
s - a scroll labelled SYEZAN IQEUF
t - a scroll labelled YCYMYE LUPS A hobgoblin comes into view.
You shoot a sling bullet.
The sling bullet barely misses the hobgoblin.
You shoot a sling bullet. The sling bullet hits the hobgoblin.
The hobgoblin is severely wounded.
Your +1 dagger of venom begins to drip with poison!
a - a +1 dagger of venom (weapon)
You hit the hobgoblin.
The hobgoblin is almost dead.
The hobgoblin hits you.
You hit the hobgoblin.
You kill the hobgoblin!
Your +1 dagger of venom stops dripping with poison.
b - a +1 sling (weapon)
HP restored.
An adder comes into view.
You shoot a sling bullet. The sling bullet hits the adder.
The adder hisses angrily.
The adder is moderately wounded.
You shoot a sling bullet.
The sling bullet closely misses the adder.
Your +1 dagger of venom begins to drip with poison!
a - a +1 dagger of venom (weapon)
The adder misses you.
You hit the adder.
The adder is poisoned.
The adder is severely wounded.
The adder bites you.
You hit the adder but do no damage.
The adder looks as sick as possible!
The adder is severely wounded.
The adder barely misses you.
You closely miss the adder.
The adder is severely wounded.
The adder bites you. The adder barely misses you.
You hit the adder.
The adder is almost dead.
You kill the adder!
Your +1 dagger of venom stops dripping with poison.
b - a +1 sling (weapon)
You see here an adder corpse.
A kobold comes into view. It is wielding a +0 short sword.
Found a stone staircase leading down.
You shoot a sling bullet. The sling bullet hits the kobold.
You kill the kobold!
There is a stone staircase leading down here.
u - a scroll labelled YNEFUF XOERAT
Found a stone staircase leading down.
There is a stone staircase leading down here.
An adder is nearby!
You shoot a sling bullet. The sling bullet misses the adder.
The adder hisses angrily.
Your +1 dagger of venom begins to drip with poison!
a - a +1 dagger of venom (weapon)
You hit the adder.
The adder is poisoned.
The adder is moderately wounded.
The adder barely misses you.
A kobold comes into view. It is wielding a +0 dagger.
The adder barely misses you.
You miss the adder.
The adder is moderately wounded.
The adder closely misses you.
You barely miss the adder.
The adder is moderately wounded.
The kobold shouts!
The adder completely misses you.
You hear a shout! x2
You miss the adder.
The adder is heavily wounded.
The adder bites you.
You closely miss the adder.
The adder is heavily wounded.
The adder misses you.
You barely miss the adder.
The adder is severely wounded.
The adder misses you.
You hit the adder.
You kill the adder!
You hit the kobold but do no damage. The kobold misses you.
You closely miss the kobold. The kobold barely misses you.
You completely miss the kobold.
A goblin comes into view. It is wielding a +0 club.
A kobold comes into view. It is wielding a +0 whip.
The kobold hits you with a +0 dagger.
You hit the kobold but do no damage.
The kobold is poisoned.
The kobold closely misses you.
You hit the kobold.
The kobold looks even sicker.
The kobold is severely wounded.
The kobold closely misses you.
You hit the kobold.
You kill the kobold!
You hit the kobold.
The kobold is severely wounded.
You closely miss the kobold.
The kobold is severely wounded.
The kobold hits you with a +0 whip.
You closely miss the kobold.
The kobold is severely wounded.
The kobold closely misses you.
You hit the kobold.
You kill the kobold!
You closely miss the goblin. The goblin hits you with a +0 club.
You hit the goblin.
You kill the goblin!
No target in view!
Your +1 dagger of venom stops dripping with poison.
b - a +1 sling (weapon)
Items here: ( ))) †††.
An orc is nearby!
You shoot a sling bullet.
The sling bullet closely misses the orc.
The orc shouts!
You shoot a sling bullet. The sling bullet hits the orc!
You kill the orc!
v - a white potion
g - 3 scrolls labelled KEWALARH XAPNA (gained 1)
Things that are here:
a +0 short sword; an orc corpse You pick up a book of the Hunter and begin reading...
You add the spells Call Canine Familiar and Leda's Liquefaction to your library.
You now have 122 gold pieces (gained 12).
A frilled lizard comes into view.
You shoot a sling bullet.
The sling bullet hits the frilled lizard!
You kill the frilled lizard!
You hear an angry hiss.
An iguana comes into view.
You see here a scroll labelled TUHYMA NIXKIF.
You shoot a sling bullet.
The sling bullet hits the iguana but does no damage.
You shoot a sling bullet.
The sling bullet closely misses the iguana.
You shoot a sling bullet.
The sling bullet closely misses the iguana.
Your +1 dagger of venom begins to drip with poison!
a - a +1 dagger of venom (weapon)
You barely miss the iguana. The iguana bites you!
You hit the iguana but do no damage. The iguana bites you!
You are too injured to fight recklessly!
Okay, then.
Unknown command.
It was a potion of might.
You feel very mighty all of a sudden. The iguana bites you!
You die...

Skill      XL: |  1  2  3  4 |
---------------+-------------+-----
Fighting       | 1 2 |  2.0
Ranged Weapons | 2 |  2.6
Dodging        | 2 |  2.4
Short Blades   | 1 2 |  2.2
Stealth        | 1 |  1.5
Spellcasting   | |  1.0
Hexes          | |  2.6

Action                     |  1- 3 |  4- 6 || total
---------------------------+-------+-------++-------
  Melee: Dagger            |    35 |    53 ||    88
         Punch             |     1 |       ||     1
   Fire: Sling             |    87 |    29 ||   116
   Cast: Slow              |     1 |       ||     1
    Use: Potion            |       |     1 ||     1
 Armour: Robe              |     8 |     5 ||    13
  Dodge: Dodged            |    36 |    35 ||    71

Levels and vault maps discovered:
D:1:      amcnicky_arrival_feature_with_door, layout_rooms, serial_shops, shop,
          shapermc_ecumenical_altar_mp_urbaneastern
D:2:      layout_basic
D:3:      layout_loops_ring

Notes
Turn   | Place    | Note
-------+----------+-------------------------------------------
     0 | D:1      | scionoferis the Demigod Hexslinger began the quest for the
                  | Orb.
     0 | D:1      | Reached XP level 1. HP: 15/15 MP: 4/4
    26 | D:1      | Found Sast's Jewellery Shop.
    68 | D:1      | Reached skill level 1 in Fighting
    90 | D:1      | Reached skill level 2 in Ranged Weapons
   167 | D:1      | Reached XP level 2. HP: 12/23 MP: 5/5
   254 | D:1      | Reached skill level 2 in Dodging
   357 | D:1      | Reached skill level 1 in Short Blades
   450 | D:1      | Reached XP level 3. HP: 28/28 MP: 6/6
   823 | D:2      | Reached skill level 1 in Stealth
  1371 | D:3      | Reached XP level 4. HP: 36/36 MP: 8/8
  1587 | D:3      | Reached skill level 2 in Short Blades
  1682 | D:3      | Reached skill level 2 in Fighting
  1967 | D:3      | Slain by an iguana

Vanquished Creatures
  An orc priest (D:3)
  5 adders (D:2 D:3)
  3 dart slugs (D:1 D:2)
  3 orcs (D:3)
  4 endoplasms (D:1 D:2)
  5 giant cockroaches (D:1 D:2 D:3)
  6 goblins (D:1 D:3)
  5 hobgoblins (D:1 D:2 D:3)
  5 quokkas (D:1 D:2 D:3)
  9 ball pythons (D:1 D:2 D:3)
  7 bats (D:1 D:2 D:3)
  6 frilled lizards (D:1 D:3)
  7 kobolds (D:1 D:3)
  2 rats (D:1 D:2)
68 creatures vanquished.

Vanquished Creatures (others)
  5 fungi (D:1)
  6 plants (D:1)
11 creatures vanquished.

Grand Total: 79 creatures vanquished

Table legend: (Time is in decaauts)
 A = Elapsed time spent in this place.
 B = Non-inter-level travel time spent in this place.
 C = Inter-level travel time spent in this place.
 D = Time resting spent in this place.
 E = Time spent auto-exploring this place.
 F = Levels seen in this place.
 G = Mean time per level.
                   A        B        C        D        E       F      G
               +--------+--------+--------+--------+--------+-----+--------+
         Total |   1980 |   1949 |     31 |     61 |   1468 |   3 |  660.0 |
       Dungeon |   1980 |   1949 |     31 |     61 |   1468 |   3 |  660.0 |
               +--------+--------+--------+--------+--------+-----+--------+

Top non-repeatable levels by time:
     D:2: 852 daAuts
     D:1: 598 daAuts
     D:3: 529 daAuts

Table legend:
 A = Non-vault XP
 B = Vault XP
 C = Vault XP percentage of total XP
 D = Non-vault monster count
 E = Vault monster count
 F = Vault count percentage of total count
                 A         B        C        D         E       F
            +---------+---------+-------+---------+---------+-------
      Total |     215 |       0 |   0.0 |      68 |       0 |   0.0
            +---------+---------+-------+---------+---------+-------
        D:1 |      49 |       0 |   0.0 |      29 |       0 |   0.0
        D:2 |      66 |       0 |   0.0 |      18 |       0 |   0.0
        D:3 |     100 |       0 |   0.0 |      21 |       0 |   0.0
            +---------+---------+-------+---------+---------+-------
